 Dungeon Crawl Stone Soup version 0.17.1-1-g73c8601 (webtiles) character file.

2188 porizj the Ruffian (level 9, -12/88 HPs)
             Began as a Troll Berserker on Jan 8, 2016.
             Was an Elder of Trog.
             Shot with a steel sling bullet by Joseph (21 damage)
             ... on level 7 of the Dungeon.
             The game lasted 00:50:28 (5243 turns).

porizj the Ruffian (Troll Berserker)                Turns: 5243, Time: 00:50:28

Health: -12/88     AC:  5    Str: 35    XL:     9   Next: 12%
Magic:  8/8        EV: 12    Int:  3    God:    Trog [****..]
Gold:   195        SH:  0    Dex: 11    Spells: 0 memorised, 8 levels left

rFire  . . .     SeeInvis .       - Unarmed
rCold  . . .     Clarity  .     a - +0 animal skin
rNeg   . . .     SustAt   .     (no shield)
rPois  .         Gourm    +     (helmet restricted)
rElec  .         Spirit   .     (no cloak)
rCorr  .         Warding  .     (gloves unavailable)
rMut   .         Stasis   .     (boots unavailable)
MR     +....                    (no amulet)
Stlth  ++........               z - +5 ring of strength
                                B - +2 ring of dexterity

@: lethally poisoned (-12 -> -12), exhausted, slowed, very slow, somewhat
resistant to hostile enchantments, unstealthy
A: unfitting armour, claws 3, talons 1, blurry vision 1, fast metabolism 3,
gourmand, magic resistance 1, regeneration 2, screaming 1, shaggy fur 1, tough
skin 2
a: Berserk, Trog's Hand, Brothers in Arms, Burn Spellbooks, Renounce Religion


You were on level 7 of the Dungeon.
You worshipped Trog.
Trog was greatly pleased with you.
You were full.

You visited 2 branches of the dungeon, and saw 8 of its levels.
You also visited: Sewer.

You collected 315 gold pieces.
You spent 120 gold pieces at shops.

Inventory:

Hand Weapons
 s - a +4 dagger
 A - a +3 flail of holy wrath
Armour
 a - a +0 animal skin (worn)
Jewellery
 z - a +5 ring of strength (right claw)
 B - a +2 ring of dexterity (left claw)
Scrolls
 c - 5 scrolls of immolation
 d - a scroll of identify
 e - 6 scrolls of teleportation
 g - 3 scrolls of remove curse
 j - 4 scrolls of fear
 m - 2 scrolls of amnesia {unknown}
 n - 3 scrolls of enchant armour {unknown}
 p - 2 scrolls of random uselessness {unknown}
 q - 3 scrolls of noise {unknown}
 x - a scroll of magic mapping {unknown}
 y - 2 scrolls of recharging {unknown}
Potions
 h - a potion of flight
 i - 2 potions of poison
 k - 6 potions of curing {unknown}
 l - a potion of magic {unknown}
 o - a potion of degeneration {unknown}
 t - a potion of resistance {unknown}
 v - a potion of might {unknown}
 w - a potion of haste {unknown}
 C - a potion of invisibility {unknown}
Comestibles
 b - 4 bread rations
 f - 5 meat rations
 r - a beef jerky
 u - 4 fruits


   Skills:
 + Level 5.4 Fighting
 + Level 6.9 Dodging
 + Level 2.0 Stealth
 + Level 7.1 Unarmed Combat


You had 8 spell levels left.
You didn't know any spells.

Dungeon Overview and Level Annotations

Branches:
Dungeon (7/15)             Temple (1/1) D:6

Altars:
Ashenzari
Cheibriados
Dithmenos
Elyvilon
Fedhas
Gozag
Kikubaaqudgha
Makhleb
Nemelex Xobeh
Okawaru
Qazlal
Ru
Sif Muna
Trog
Xom
Yredelemnul
The Shining One

Shops:
D:6 *

Annotations:
D:7 Joseph


Innate Abilities, Weirdness & Mutations

You are too large for most types of armour.
You have claws for hands.
Your metabolism is lightning-fast.
You like to eat raw meat.
You heal very quickly.
You are covered in fur (AC +1).
You have very tough skin (AC +2).
You have sharp toenails.
Scrolls take you a little longer to read.
You are resistant to hostile enchantments.
You occasionally shout uncontrollably at your foes.


Message History

* * * LOW HITPOINT WARNING * * *
Really read with blurry vision while enemies are nearby?
Okay, then.
Joseph unwields an uncursed quarterstaff.
Joseph wields an uncursed hunting sling.
Joseph shoots a steel sling bullet.
The steel sling bullet hits you!
* * * LOW HITPOINT WARNING * * *
You see here a steel sling bullet.
You feel sick.
Joseph shoots a steel sling bullet.
The steel sling bullet hits you!
* * * LOW HITPOINT WARNING * * *
You see here a steel sling bullet.
Really read with blurry vision while enemies are nearby?
Uppercase [Y]es or [N]o only, please.
Really read with blurry vision while enemies are nearby?
Joseph shoots a steel sling bullet.
The steel sling bullet misses you.
You begin reading the scroll.
You continue reading the scroll.
You feel sick.
Joseph shoots a steel sling bullet.
The steel sling bullet hits you!!
You die...

#................#
#...............(#
#....<.....#######
#...######'#......
#...#..(..........
#...'.............
######.............
#..................
#.....@............
#.....#############
#....@#.......
#....().......
#.....#.......
#.....#.....##
#######.....#
....... .......


You could see Joseph.

Vanquished Creatures
  The ghost of Grim the Shooter, a novice MiHu of Dithmenos (D:4)
  Grinder (D:5)
  Edmund (D:5)
  2 sky beasts
  An ice beast (D:6)
  A centaur (D:5)
  2 big kobolds (Sewer)
  A giant frog (D:6)
  A gnoll sergeant (D:6)
  6 killer bees (D:7)
  2 scorpions (D:6)
  3 crimson imps
  A jelly (D:5)
  2 hounds (D:4)
  An orc wizard (D:6)
  3 worker ants
  A worker ant zombie (D:6)
  7 adders
  6 gnolls
  3 river rats
  A shadow imp (D:5)
  An ooze (Sewer)
  5 worms
  2 adder skeletons
  3 giant geckos
  10 orcs
  3 bats
  7 giant cockroaches
  4 hobgoblins
  6 jackals
  4 quokkas
  3 ball pythons (Sewer)
  4 giant newts
  10 goblins
  17 kobolds
  A quokka skeleton (D:5)
  9 rats
136 creatures vanquished.

Notes
Turn   | Place    | Note
--------------------------------------------------------------
     0 | D:1      | porizj the Troll Berserker began the quest for the Orb.
     0 | D:1      | Reached XP level 1. HP: 22/22 MP: 0/0
    69 | D:1      | Gained mutation: You occasionally shout uncontrollably at your foes. [potion of mutation]
    69 | D:1      | Gained mutation: Scrolls take you a little longer to read. [potion of mutation]
    69 | D:1      | Gained mutation: You can spit weak poison. [potion of mutation]
   314 | D:1      | Reached XP level 2. HP: 29/29 MP: 1/1
   412 | D:2      | Found a sacrificial altar of Ru.
   416 | D:2      | Found a blossoming altar of Fedhas.
   826 | D:2      | Found a glowing golden altar of the Shining One.
  1015 | D:2      | Found a shimmering altar of Xom.
  1103 | D:2      | Reached ** piety under Trog
  1103 | D:2      | Reached XP level 3. HP: 24/36 MP: 2/2
  1669 | D:3      | Found a bloodstained altar of Trog.
  1717 | D:3      | Found an opulent altar of Gozag.
  2005 | D:3      | Reached XP level 4. HP: 44/44 MP: 3/3
  2335 | D:3      | Reached skill level 4 in Unarmed Combat
  2548 | D:4      | Noticed Grim's ghost (novice MiHu)
  2565 | D:4      | Killed Grim's ghost
  2565 | D:4      | Reached skill level 1 in Stealth
  2565 | D:4      | Reached XP level 5. HP: 21/53 MP: 4/4
  2565 | D:4      | Reached XP level 6. HP: 24/61 MP: 5/5
  2570 | D:4      | Reached skill level 5 in Unarmed Combat
  2680 | D:4      | Found a glowing drain.
  2687 | Sewer    | Entered a sewer
  2723 | Sewer    | Reached *** piety under Trog
  3046 | Sewer    | Reached XP level 7. HP: 57/67 MP: 6/6
  3519 | D:5      | Entered Level 5 of the Dungeon
  3577 | D:5      | Reached skill level 5 in Dodging
  3704 | D:5      | Noticed Edmund
  3714 | D:5      | Killed Edmund
  3775 | D:5      | Noticed Grinder
  3788 | D:5      | Killed Grinder
  3788 | D:5      | Reached skill level 6 in Unarmed Combat
  3788 | D:5      | Reached XP level 8. HP: 71/78 MP: 7/7
  4331 | D:6      | Found Nedum's Assorted Antiques.
  4356 | D:6      | Gained mutation: You are resistant to hostile enchantments. [mutagenic meat]
  4357 | D:6      | Gained mutation: You have sharp toenails. [mutagenic meat]
  4358 | D:6      | Lost mutation: You can spit weak poison. [mutagenic meat]
  4403 | D:6      | Bought a copper ring for 120 gold pieces
  4555 | D:6      | Reached **** piety under Trog
  4637 | D:6      | Found a staircase to the Ecumenical Temple.
  4655 | D:6      | Reached skill level 5 in Fighting
  4719 | Temple   | Entered the Ecumenical Temple
  4857 | D:6      | Reached skill level 7 in Unarmed Combat
  5208 | D:7      | Noticed Joseph
  5212 | D:7      | Reached XP level 9. HP: 88/88 MP: 8/8
  5243 | D:7      | Shot with a steel sling bullet by Joseph

Action                   |  1- 3 |  4- 6 |  7- 9 || total
-------------------------+-------+-------+-------++-------
Melee: Unarmed           |   106 |   126 |   234 ||   466
Invok: Trog's Hand       |       |     1 |       ||     1
       Berserk           |       |       |     4 ||     4
  Use: Scroll            |     5 |     1 |     4 ||    10
       Potion            |     1 |       |     1 ||     2
  Eat: Chunk             |    23 |     8 |    28 ||    59
